 Dungeon Crawl Stone Soup version 0.23.2-40-g277498a001 (webtiles) character file.

Game seed: 10437640306894151753

5646 FishyPogo the Tainter (level 10, -1/80 HPs)
             Began as a Green Draconian Venom Mage on Aug 18, 2019.
             Was a Believer of Makhleb.
             Slain by a wight
             ... wielding a +4 dire flail
              (10 damage)
             ... on level 11 of the Dungeon.
             The game lasted 01:01:22 (8104 turns).

FishyPogo the Tainter (Green Draconian Venom Mage)  Turns: 8104, Time: 01:01:23

Health: -1/80      AC:  8    Str: 12    XL:     10   Next: 46%
Magic:  17/17      EV: 21    Int: 17    God:    Makhleb [**....]
Gold:   628        SH:  0    Dex: 17    Spells: 1/19 levels left

rFire    . . .     SeeInvis +   x - +2 scythe (pain)
rCold    . . .     Gourm    .   (shield currently unavailable)
rNeg     . . .     Faith    .   (armour unavailable)
rPois    +         Spirit   .   (helmet restricted)
rElec    .         Reflect  .   (no cloak)
rCorr    .         Harm     .   B - +0 pair of gloves
MR       +....                  (no boots)
Stlth    +++.......             r - amulet of magic regeneration
HPRegen  0.23/turn              q - ring of protection from magic
MPRegen  0.40/turn              M - ring of see invisible

@: agile, drained
A: breathe noxious fumes, unfitting armour, poison resistance, cold-blooded, AC
+7
a: Breathe Noxious Fumes, Minor Destruction, Renounce Religion


You were on level 11 of the Dungeon.
You worshipped Makhleb.
Makhleb was pleased with you.
You were not hungry.

You visited 1 branch of the dungeon, and saw 11 of its levels.

You collected 628 gold pieces.

Inventory:

Hand Weapons
 x - a +2 scythe of pain (weapon)
 y - a cursed -2 mace
Missiles
 c - 341 stones (quivered)
 g - 10 tomahawks
 m - a throwing net
Armour
 B - a +0 pair of gloves (worn)
Jewellery
 f - an uncursed ring of ice
 k - an uncursed amulet of the acrobat
 n - an uncursed ring of fire
 q - a ring of protection from magic (left hand)
 r - an amulet of magic regeneration (around neck)
 M - a ring of see invisible (right hand)
Wands
 t - a wand of flame (18)
 F - a wand of paralysis (20)
 J - a wand of digging (6)
 L - a wand of polymorph (6)
Scrolls
 e - a scroll of immolation
 h - 2 scrolls of remove curse {unknown}
 j - a scroll of fear {unknown}
 l - 4 scrolls of identify
 o - 2 scrolls of magic mapping {unknown}
 p - a scroll of brand weapon {unknown}
 s - 6 scrolls of enchant armour
 v - a scroll of fog {unknown}
 A - a scroll of enchant weapon
 C - 2 scrolls of blinking
 D - a scroll of random uselessness
 E - 6 scrolls of teleportation {unknown}
 I - 2 scrolls of torment {unknown}
 K - a scroll of silence
Potions
 i - 3 potions of flight
 u - 5 potions of curing
 w - a potion of invisibility
 z - a potion of lignification
 G - 2 potions of might
 H - 2 potions of magic
Comestibles
 b - 21 rations
 N - a chunk of flesh


   Skills:
 + Level 4.9(4.1) Fighting
 - Level 6.1(5.3) Polearms
 * Level 6.5(5.7) Dodging
 - Level 2.0(1.3) Stealth
 - Level 5.0(4.2) Spellcasting
 * Level 2.1(1.4) Conjurations
 * Level 3.1(2.3) Translocations
 - Level 1.0(0.3) Air Magic
 + Level 9.1(8.2) Poison Magic
 + Level 3.0(2.2) Invocations
 + Level 5.8(5.0) Evocations


You had one spell level left.
You knew the following spells:

 Your Spells              Type           Power        Failure   Level  Hunger
a - Sting                 Conj/Pois      ###.         1%          1    None
b - Poisonous Vapours     Pois/Air       ###...       4%          2    ##.....
c - Magic Dart            Conj           #...         9%          1    None
d - Olgreb's Toxic Radia  Pois           ####....     4%          4    ####...
e - Gell's Gravitas       Tloc           ##........   17%         3    ###....
f - Mephitic Cloud        Conj/Pois/Air  ##......     12%         3    ###....
g - Force Lance           Conj/Tloc      ##......     56%         4    ####...

Your spell library contained the following spells:

 Spells                   Type           Power        Failure   Level  Hunger
 Confusing Touch          Hex            #.....       16%         1    None
 Sandblast                Erth           #.....       16%         1    None
 Searing Ray              Conj           #.....       13%         2    ##.....
 Passwall                 Tmut/Erth      #.......     24%         2    ##.....
 Dazzling Spray           Conj/Hex       #.....       34%         3    ###....
 Stone Arrow              Conj/Erth      #.....       34%         3    ###....
 Confuse                  Hex            #.......     43%         3    ###....
 Venom Bolt               Conj/Pois      ###.......   50%         5    ######.
 Iskenderun's Mystic Bla  Conj           #.......     63%         4    ####...
 Fulminant Prism          Conj/Hex       #.........   75%         4    ####...
 Leda's Liquefaction      Hex/Erth       #.........   83%         4    ####...
 Petrify                  Tmut/Erth      #.......     83%         4    ####...
 Lee's Rapid Deconstruct  Erth           #.........   99%         5    ######.
 Metabolic Englaciation   Hex/Ice        #.........   99%         5    ######.
 Summon Demon             Summ           #.........   99%         5    ######.
 Yara's Violent Unravell  Hex/Tmut       #.........   99%         5    ######.


Dungeon Overview and Level Annotations

Branches:
Dungeon (11/15)            Temple (0/1) D:7
   Lair: D:8-11         Orc: D:9-12

Altars:
Makhleb
Xom
Yredelemnul

Shops:
D:6 :   D:8 :

Annotations:
D:4 1 runed translucent door, 1 exclusion, Duvessa; NochnoyZador's ghost, amateur GrFi
D:8 3 runed translucent doors, DiaVolo's ghost, novice MiFi


Innate Abilities, Weirdness & Mutations

You can breathe blasts of noxious fumes.
Your lurid green scales are hard. (AC +7)
You cannot fit into any form of body armour.
Your system is resistant to poisons. (rPois)
You are cold-blooded and may be slowed by cold attacks.


Message History

There is a stone staircase leading up here.
You are too injured to fight recklessly!
You barely miss the wight. You tail-slap the wight.
The wight is moderately damaged.
The wight misses you.
You hit the wight.
The wight is heavily damaged.
The wight completely misses you.
The wight hits you with a +4 dire flail!
* * * LOW HITPOINT WARNING * * *
You feel better.
The wight hits you with a +4 dire flail!
* * * LOW HITPOINT WARNING * * *
You feel drained.
You feel better. The wight completely misses you.
You hit the wight but do no damage.
You tail-slap the wight, but do no damage.
The wight is heavily damaged.
The wight hits you with a +4 dire flail!
You die...

#....# #..>.# ....... #....#
#....# .......
#####....#######....##.......
..................<..........
.............................
............................#
##......<...................#
#..........................#
#..........z@..............#
#..........................#
............)...............#
............................
...........................
######...##..........####.
#... #..........# #.^
#.<.......


You could see a wight.

Vanquished Creatures
  A two-headed ogre (D:9)
  Pikel (D:5)
  A centaur zombie (D:10)
  A kobold demonologist (D:8)
  Prince Ribbit (D:7)
  A hornet (D:7)
  Grinder (D:2)
  Sigmund (D:3)
  A spriggan (D:7)
  4 orc warriors
  2 phantoms
  4 slaves (D:5)
  11 big kobolds
  4 bullfrogs
  3 killer bees (D:10)
  A wight (D:10)
  4 electric eels (D:9)
  A howler monkey (D:5)
  A quasit (D:9)
  3 crimson imps
  2 bullfrog zombies
  8 hounds
  3 jellies
  3 orc priests (D:9)
  An iguana (D:4)
  6 orc wizards
  Jessica (D:3)
  A centaur skeleton (D:9)
  3 worker ants
  2 hound zombies
  5 gnolls
  7 adders
  A shadow imp (D:6)
  2 adder skeletons
  2 worms
  A dart slug (D:1)
  3 leopard geckos
  16 orcs
  7 bats
  3 giant cockroaches
  7 goblins
  11 hobgoblins
  16 jackals
  2 quokkas
  2 ball pythons
  5 frilled lizards
  2 giant cockroach zombies (D:1)
  A jackal skeleton (D:5)
  32 kobolds
  10 rats
  A plant (D:9)
213 creatures vanquished.

Vanquished Creatures (others)
  2 plants
2 creatures vanquished.

Grand Total: 215 creatures vanquished

Notes
Turn   | Place    | Note
-------+----------+-------------------------------------------
     0 | D:1      | FishyPogo the Draconian Venom Mage began the quest for the
                  | Orb.
     0 | D:1      | Reached XP level 1. HP: 14/14 MP: 3/3
   333 | D:1      | Reached XP level 2. HP: 19/20 MP: 0/5
   337 | D:1      | Learned a level 2 spell: Poisonous Vapours
   711 | D:1      | Reached XP level 3. HP: 16/26 MP: 0/6
   719 | D:1      | Learned a level 3 spell: Mephitic Cloud
  1159 | D:2      | Found a faded altar of an unknown god.
  1611 | D:2      | Reached XP level 4. HP: 30/33 MP: 5/7
  2032 | D:3      | Noticed Sigmund
  2159 | D:3      | Noticed Grinder
  2182 | D:3      | Reached skill level 1 in Air Magic
  2533 | D:3      | Noticed Jessica
  2542 | D:3      | Killed Jessica
  2642 | D:3      | Found a basalt altar of Yredelemnul.
  2660 | D:3      | Reached skill level 4 in Poison Magic
  2890 | D:3      | Reached XP level 5. HP: 34/38 MP: 2/9
  2998 | D:3      | Killed Sigmund
  2998 | D:3      | Reached skill level 5 in Poison Magic
  2998 | D:3      | Reached XP level 6. HP: 45/45 MP: 0/10
  3244 | D:2      | Paralysed by Grinder for 3 turns
  3282 | D:2      | Killed Grinder
  3282 | D:2      | Reached skill level 1 in Fighting
  3282 | D:2      | Reached skill level 1 in Polearms
  3335 | D:4      | Your scales start taking on a lurid green colour.
  3335 | D:4      | Reached skill level 6 in Poison Magic
  3335 | D:4      | Reached XP level 7. HP: 26/52 MP: 9/12
  3335 | D:4      | Gained mutation: Your system is resistant to poisons.
                  | (rPois) [Green Draconian growth]
  3488 | D:4      | Learned a level 4 spell: Olgreb's Toxic Radiance
  3555 | D:4      | Noticed a moth of wrath
  3556 | D:4      | Noticed Duvessa
  3590 | D:4      | Got a twisted naga barding
  3690 | D:4      | Found a runed translucent door.
  3694 | D:4      | Noticed NochnoyZador's ghost (amateur GrFi)
  3955 | D:5      | Entered Level 5 of the Dungeon
  4036 | D:5      | Learned a level 3 spell: Gell's Gravitas
  4054 | D:5      | Noticed Pikel
  4069 | D:5      | Killed Pikel
  4069 | D:5      | Reached skill level 7 in Poison Magic
  4069 | D:5      | Reached XP level 8. HP: 30/62 MP: 5/14
  4135 | D:5      | Learned a level 1 spell: Magic Dart
  4670 | D:6      | Reached skill level 1 in Evocations
  4878 | D:6      | Found a burning altar of Makhleb.
  4878 | D:6      | Noticed a green death
  4882 | D:6      | Noticed a hellwing
  4884 | D:6      | Became a worshipper of Makhleb the Destroyer
  4924 | D:6      | Found Haul's Book Boutique.
  5244 | D:7      | Noticed a hornet
  5264 | D:7      | Reached skill level 1 in Translocations
  5290 | D:7      | Killed a hornet
  5295 | D:7      | Reached skill level 8 in Poison Magic
  5320 | D:7      | Reached XP level 9. HP: 38/69 MP: 6/16
  5483 | D:7      | Reached skill level 5 in Polearms
  5562 | D:7      | Noticed Prince Ribbit
  5568 | D:7      | Killed Prince Ribbit
  5683 | D:7      | Found a staircase to the Ecumenical Temple.
  5725 | D:7      | Reached * piety under Makhleb
  5908 | D:7      | Reached skill level 5 in Dodging
  6038 | D:8      | Identified the Guide on the Creative Mountains
  6043 | D:8      | Found Qitsaova's Book Boutique.
  6235 | D:8      | Reached skill level 5 in Spellcasting
  6437 | D:8      | Found a runed translucent gate.
  6437 | D:8      | Found a runed translucent gate.
  6437 | D:8      | Found a runed translucent gate.
  6443 | D:8      | Noticed DiaVolo's ghost (novice MiFi)
  6497 | D:8      | Noticed a kobold demonologist
  6503 | D:8      | Reached skill level 1 in Invocations
  6509 | D:8      | Killed a kobold demonologist
  6701 | D:9      | Reached ** piety under Makhleb
  6849 | D:9      | Reached XP level 10. HP: 61/79 MP: 6/17
  6867 | D:9      | Reached skill level 5 in Evocations
  7068 | D:9      | Noticed a two-headed ogre
  7076 | D:9      | Killed a two-headed ogre
  7076 | D:9      | Reached skill level 9 in Poison Magic
  7089 | D:9      | Learned a level 4 spell: Force Lance
  7368 | D:10     | Entered Level 10 of the Dungeon
  8068 | D:10     | Found a shimmering altar of Xom.
  8101 | D:11     | HP: 3/80 [wight/+4 dire flail (15)]
  8104 | D:11     | Slain by a wight

Skill      XL: |  1  2  3  4  5  6  7  8  9 10 |
---------------+-------------------------------+-----
Stealth        | 2 |  2.0
Dodging        | 2 3 4 5 6 |  6.5
Conjurations   | 2 |  2.1
Air Magic      | 1 |  1.0
Poison Magic   | 4 5 6 7 8 9 |  9.1
Spellcasting   | 3 4 5 |  5.0
Fighting       | 1 2 3 4 |  4.9
Polearms       | 1 3 4 5 6 |  6.1
Evocations     | 2 4 5 |  5.8
Translocations | 1 3 |  3.1
Invocations    | 2 3 |  3.0

Action                   |  1- 3 |  4- 6 |  7- 9 | 10-12 || total
-------------------------+-------+-------+-------+-------++-------
Melee: Unarmed           |    38 |       |       |       ||    38
       Dagger            |    58 |    48 |       |       ||   106
       Tailslap          |     4 |     9 |     9 |    12 ||    34
       Scythe            |       |     9 |   146 |    95 ||   250
 Cast: Sting             |    56 |    35 |   100 |     5 ||   196
       Poisonous Vapours |     5 |     4 |    23 |     1 ||    33
       Mephitic Cloud    |       |     3 |     7 |     2 ||    12
       Magic Dart        |       |       |    37 |    21 ||    58
       Olgreb's Toxic Ra |       |       |    13 |     5 ||    18
 Abil: Breathe Noxious F |       |       |    15 |     4 ||    19
  Use: Potion            |       |     4 |       |     5 ||     9
       Scroll            |       |     2 |     4 |     6 ||    12
 Stab: Sleeping          |     4 |     3 |     1 |       ||     8
       Confused          |       |       |    12 |     3 ||    15
  Eat: Chunk             |     4 |     6 |    17 |     3 ||    30
       Ration            |       |       |       |     1 ||     1
Armor: Skin              |    35 |    19 |    49 |    38 ||   141
Dodge: Dodged            |    67 |    33 |   147 |   102 ||   349
